 Dungeon Crawl Stone Soup version 0.31-a0-986-g5e6e4ef867 (webtiles) character file.

Game seed: 16529810728175791556

310 Whiskey the Changeling (level 6, -3/55 HPs)
             Began as a Troll Shapeshifter on Nov 4, 2023.
             Slain by Edmund
             ... wielding a +2 flail of protection
              (10 damage)
             ... on level 4 of the Dungeon.
             The game lasted 00:03:48 (2141 turns).

Whiskey the Changeling (Troll Shapeshifter)         Turns: 2141, Time: 00:03:48

Health: -3/55      AC:  4    Str: 23    XL:     6   Next: 17%
Magic:  5/5        EV:  9    Int:  8    God:
Gold:   64         SH:  0    Dex:  9    Spells: 5/5 levels left

rFire   . .          .
                       - Unarmed
rCold   . . .        (no shield)
rNeg    . . .        a - +0 animal skin
rPois   .            (helmet currently unavailable)
rElec   .            (cloak currently unavailable)
rCorr   .            (gloves unavailable)
SInv    .            (boots unavailable)
Will    .....        (no amulet)
Stlth   +            (no ring)
HPRegen 1.09/turn    (no ring)
MPRegen 0.09/turn

%: clarity
@: beast-form
A: beast (slay +3), large, unfitting armour, claws 3, regeneration 1, shaggy fur
1, tough skin 1, clarity, MP-powered wands
a: Begin Untransformation


You were on level 4 of the Dungeon.
You were a hulking beast.
You visited 1 branch of the dungeon, and saw 4 of its levels.

You collected 64 gold pieces.

Inventory:

Armour
 a - a +0 animal skin (worn)
 f - a +0 robe
   (You found it on level 1 of the Dungeon)
 g - a +0 robe
   (You found it on level 1 of the Dungeon)
 k - a +0 robe
   (You took it off a goblin on level 2 of the Dungeon)
 r - a +0 robe
   (You took it off an orc wizard on level 3 of the Dungeon)
 t - a +0 robe
   (You found it on level 3 of the Dungeon)
Talismans
 c - a beast talisman
 d - a flux talisman
Scrolls
 e - 2 scrolls of identify {unknown}
 h - a scroll of fear {unknown}
 i - a scroll of enchant armour {unknown}
 j - 2 scrolls of vulnerability {unknown}
 l - a scroll of fog {unknown}
 m - 2 scrolls of immolation {unknown}
 o - a scroll of butterflies {unknown}
 p - a scroll of amnesia {unknown}
 s - 3 scrolls of teleportation {unknown}
 u - a scroll of poison {unknown}
 v - a scroll of noise {unknown}
Potions
 b - 2 potions of lignification {!q}
 q - a potion of ambrosia {unknown}


   Skills:
 - Level 1.0 Fighting
 - Level 1.6 Dodging
 + Level 4.6 Unarmed Combat
 * Level 5.5 Shapeshifting


You had 5 spell levels left.
You didn't know any spells.
Your spell library was empty.

Dungeon Overview and Level Annotations

Branches:
Dungeon (4/15)
 Temple: D:4-7

Altars:
Vehumet
The Shining One

Shops:
D:2 [   D:3 !

Annotations:
D:4 Edmund


Innate Abilities, Weirdness & Mutations

You are a hulking beast.
Your limbs bulge with bestial killing power. (Slay +3)
You are too large for most types of armour.
You have claws for hands.
Your natural rate of healing is unusually fast.
You are covered in fur. (AC +1)
You have tough skin. (AC +1)
You possess an exceptional clarity of mind.
You expend magic power (3 MP) to strengthen your wands.


Message History

Health restored: 55 A goblin is nearby!
The goblin shouts!
Found a scroll labelled IXZETY ZURRE.
Found Poat Xust's Distillery.
You barely miss the goblin. The goblin closely misses you.
You barely miss the goblin. The goblin closely misses you.
You barely miss the goblin. You closely miss the goblin.
The goblin hits you with a +0 dagger.
You take 2 damage, and have 53/55 hp.
You mangle the goblin!!
You kill the goblin!
No target in view!
No target in view!
No target in view!
No target in view!
u - a scroll labelled IXZETY ZURRE Health restored: 55
There is an entrance to Poat Xust's Distillery here.
Found a radiant altar of Vehumet.
No target in view!
There is an entrance to Poat Xust's Distillery here.
You see here a +0 dagger.
Done exploring.
Done exploring.
There is a stone staircase leading down here.
You climb downwards.
Found an escape hatch in the ceiling.
There is a stone staircase leading up here.
There is a stone staircase leading up here.
e - 2 scrolls labelled KOOTAILELA (gained 1)
v - a scroll labelled MARUPS BIDOU
Found a stone staircase leading up.
Found a stone staircase leading down.
An orc comes into view. It is wielding a +0 mace.
The orc shouts!
An orc comes into view. It is wielding a +0 short sword.
The orc shouts!
The orc moves out of view.
An orc comes into view. It is wielding a +0 mace.
An orc comes into view. It is wielding a +0 hand axe.
The orc moves out of view. x2
Edmund the Younger comes into view.
He is wielding a +2 flail of protection.
Edmund shouts!
The orc shouts!
The orc hits you with a +0 mace.
Edmund moves out of view.
You take 2 damage, and have 53/55 hp.
You completely miss the orc. You claw the orc!
You kill the orc!
Health restored: 55
Things that are here:
a +0 mace; a +0 ring mail; an orc corpse The orc closely misses you.
You scratch the orc. You closely miss the orc.
The orc hits you with a +0 short sword. The orc hits you with a +0 mace.
You take 9 damage, and have 46/55 hp.
You closely miss the orc. The orc hits you but does no damage.
The orc closely misses you.
You barely miss the orc. Edmund misses you.
The orc hits you with a +0 short sword.
You claw the orc!
You kill the orc!
Edmund hits you with a +2 flail of protection!
The orc completely misses you.
You take 8 damage, and have 39/55 hp.
You barely miss Edmund.
Edmund hits you with a +2 flail of protection!
The orc hits you with a +0 short sword. The orc completely misses you.
You take 10 damage, and have 29/55 hp.
There are monsters nearby!
Edmund attacks as he pursues you!
Edmund hits you with a +2 flail of protection!
Things that are here:
a +0 mace; a +0 ring mail; an orc corpse You take 7 damage, and have 22/55 hp.
Edmund attacks as he pursues you! Edmund barely misses you.
You see here 7 gold pieces.
The orc attacks as it pursues you! The orc barely misses you.
The orc hits you but does no damage.
You regained 2 hp, and now have 32/55 hp.
Edmund attacks as he pursues you!
Edmund hits you with a +2 flail of protection.
The orc attacks as it pursues you! The orc hits you with a +0 hand axe.
You take 10 damage, and have 22/55 hp.
Edmund hits you with a +2 flail of protection!
* * * LOW HITPOINT WARNING * * *
You take 8 damage, and have 14/55 hp.
You barely miss Edmund.
Edmund hits you with a +2 flail of protection.
* * * LOW HITPOINT WARNING * * *
You scratch Edmund but do no damage.
Edmund hits you with a +2 flail of protection!
* * * LOW HITPOINT WARNING * * *
You take 9 damage, and have 6/55 hp.
It was a potion of mutation.
You feel extremely strange.
Your thoughts seem clearer.
You feel your magical essence link to the dungeon's wands.
Edmund hits you with a +2 flail of protection!
You die...
Edmund says, "That'll show my brother!"

.......##.......#
........#.......#
.......)).......#
########.$......#
#.......##
######...###
#.......#
######.......#
+..h@oo...>..#
###
######.......###
#.. #.........#
#.# #.#####.....#
#.# #.#####.....#
#.# #...........#
#.# #.......#####
#.# #.......# #.#
#.......# #.#


You could see Edmund and 2 orcs.

Vanquished Creatures
  Sigmund (D:3)
  An orc priest (D:3)
  An orc wizard (D:3)
  3 adders
  A worm (D:2)
  3 dart slugs
  4 orcs
  2 endoplasms
  3 giant cockroaches
  5 goblins
  3 hobgoblins
  4 jackals (D:1)
  3 quokkas
  3 ball pythons
  4 bats
  A frilled lizard (D:3)
  3 kobolds
  3 rats
48 creatures vanquished.

Notes
Turn   | Place    | Note
-------+----------+-------------------------------------------
     0 | D:1      | Whiskey the Troll Shapeshifter began the quest for the Orb.
     0 | D:1      | Reached XP level 1. HP: 18/18 MP: 0/0
   236 | D:1      | Reached skill level 1 in Fighting
   370 | D:1      | Reached XP level 2. HP: 27/27 MP: 1/1
   779 | D:2      | Reached XP level 3. HP: 33/33 MP: 2/2
   846 | D:2      | Found Oborchixt's Armour Shop.
  1012 | D:2      | Reached skill level 4 in Shapeshifting
  1426 | D:3      | Found a glowing golden altar of the Shining One.
  1504 | D:3      | Reached XP level 4. HP: 41/41 MP: 3/3
  1528 | D:3      | Reached skill level 4 in Unarmed Combat
  1568 | D:3      | Reached XP level 5. HP: 45/48 MP: 4/4
  1590 | D:3      | Noticed Sigmund
  1672 | D:3      | Killed Sigmund
  1673 | D:3      | Reached skill level 5 in Shapeshifting
  1673 | D:3      | Reached XP level 6. HP: 29/55 MP: 5/5
  1829 | D:3      | Found Poat Xust's Distillery.
  1852 | D:3      | Found a radiant altar of Vehumet.
  2115 | D:4      | Noticed Edmund
  2140 | D:4      | HP: 6/55 [Edmund/+2 flail of protection (10)]
  2141 | D:4      | Gained mutation: You possess an exceptional clarity of
                  | mind. [potion of mutation]
  2141 | D:4      | Gained mutation: You expend magic power (3 MP) to
                  | strengthen your wands. [potion of mutation]
  2141 | D:4      | Slain by Edmund

Illustrated notes

Levels and vault maps discovered:
D:1:      ldierk_walled_garden, layout_loops_corners,
          kennysheep_decorative_pillar
D:2:      layout_rooms, serial_forest, infiniplex_forest_straight_5,
          infiniplex_forest_zigzag_1, infiniplex_forest_lined_4_way,
          infiniplex_forest_straight_2, infiniplex_forest_lined_3_way,
          infiniplex_forest_clump_double, infiniplex_forest_straight_3,
          infiniplex_forest_clump_double, infiniplex_forest_lined_1,
          serial_shops, nicolae_shop_advertising_works
          [nicolae_subvault_shop_adworks]
D:3:      layout_rooms, mainiacjoe_overflow_concentric_impassable,
          fiery_altar_vehumet, serial_shops, shop, uniq_sigmund
D:4:      layout_basic, minmay_temple_entry_trees, uniq_pikel, uniq_grinder,
          uniq_edmund

Skill      XL: |  1  2  3  4  5 |
---------------+----------------+-----
Fighting       | 1 |  1.0
Shapeshifting  | 4 5 |  5.5
Unarmed Combat | 4 |  4.6
Dodging        | |  1.6

Action                     |  1- 3 |  4- 6 || total
---------------------------+-------+-------++-------
  Melee: Unarmed           |    76 |    35 ||   111
         Punch             |     2 |     1 ||     3
    Use: Potion            |       |     1 ||     1
 Armour: Animal skin       |    50 |    31 ||    81
  Dodge: Dodged            |    19 |    17 ||    36

Table legend: (Time is in decaauts)
 A = Elapsed time spent in this place.
 B = Non-inter-level travel time spent in this place.
 C = Inter-level travel time spent in this place.
 D = Time resting spent in this place.
 E = Time spent auto-exploring this place.
 F = Levels seen in this place.
 G = Mean time per level.
                   A        B        C        D        E       F      G
               +--------+--------+--------+--------+--------+-----+--------+
         Total |   2136 |   2096 |     40 |      6 |   1739 |   4 |  534.0 |
       Dungeon |   2136 |   2096 |     40 |      6 |   1739 |   4 |  534.0 |
               +--------+--------+--------+--------+--------+-----+--------+

Top non-repeatable levels by time:
     D:1: 751 daAuts
     D:2: 683 daAuts
     D:3: 530 daAuts
     D:4: 171 daAuts

Levels and vault maps discovered:
D:1:      ldierk_walled_garden, layout_loops_corners,
          kennysheep_decorative_pillar
D:2:      layout_rooms, serial_forest, infiniplex_forest_straight_5,
          infiniplex_forest_zigzag_1, infiniplex_forest_lined_4_way,
          infiniplex_forest_straight_2, infiniplex_forest_lined_3_way,
          infiniplex_forest_clump_double, infiniplex_forest_straight_3,
          infiniplex_forest_clump_double, infiniplex_forest_lined_1,
          serial_shops, nicolae_shop_advertising_works
          [nicolae_subvault_shop_adworks]
D:3:      layout_rooms, mainiacjoe_overflow_concentric_impassable,
          fiery_altar_vehumet, serial_shops, shop, uniq_sigmund
D:4:      layout_basic, minmay_temple_entry_trees, uniq_pikel, uniq_grinder,
          uniq_edmund

Table legend: (Time is in decaauts)
 A = Elapsed time spent in this place.
 B = Non-inter-level travel time spent in this place.
 C = Inter-level travel time spent in this place.
 D = Time resting spent in this place.
 E = Time spent auto-exploring this place.
 F = Levels seen in this place.
 G = Mean time per level.
                   A        B        C        D        E       F      G
               +--------+--------+--------+--------+--------+-----+--------+
         Total |   2136 |   2096 |     40 |      6 |   1739 |   4 |  534.0 |
       Dungeon |   2136 |   2096 |     40 |      6 |   1739 |   4 |  534.0 |
               +--------+--------+--------+--------+--------+-----+--------+

Top non-repeatable levels by time:
     D:1: 751 daAuts
     D:2: 683 daAuts
     D:3: 530 daAuts
     D:4: 171 daAuts

Table legend:
 A = Kills in this place as a percentage of kills in the entire game.
 B = Kills by you in this place as a percentage of kills by you in the entire game.
 C = Kills by friends in this place as a percentage of kills by friends in the entire game.
 D = Other kills in this place as a percentage of other kills in the entire game.
 E = Experience gained in this place as a percentage of experience gained in the entire game.
 F = Experience gained in this place divided by the number of levels of this place that you have seen.
                   A       B       C       D       E      F
               +-------+-------+-------+-------+-------+----------------------
         Total | 100.0 | 100.0 |   N/A |   N/A | 100.0 | 110.8
       Dungeon | 100.0 | 100.0 |   N/A |   N/A | 100.0 | 110.8
               +-------+-------+-------+-------+-------+----------------------
